 Dungeon Crawl Stone Soup version 0.30.0-13-g156ef70053 (webtiles) character file.

Game seed: 7210436608274119801

21211 monsoonserge the Unseen (level 13, -4/90 HPs)
             Began as a Formicid Enchanter on May 18, 2023.
             Was a High Priest of Wu Jian.
             Killed by an exploding fulminant prism (17 damage)
             ... on level 13 of the Dungeon.
             The game lasted 01:27:32 (13932 turns).

monsoonserge the Unseen (Formicid Enchanter)       Turns: 13932, Time: 01:27:34

Health: -4/90      AC: 10    Str: 13    XL:     13   Next: 18%
Magic:  13/20      EV: 14    Int: 27    God:    Wu Jian [*****.]
Gold:   820        SH:  7    Dex: 30    Spells: 7/22 levels left

rFire   . . .        J - +6 dagger
rCold   . . .        Y - +0 buckler
rNeg    + . .        t - +1 ring mail of Sin {rN+ Int+3}
rPois   .            (helmet unavailable)
rElec   .            (no cloak)
rCorr   .            O - +0 pair of fencer's gloves {Riposte Dex+3}
SInv    +            d - +0 pair of boots
Will    +....        x - amulet "Gyos" {Faith Dex+5 Slay+2}
Stlth   ++++++       W - +6 ring of dexterity
HPRegen 0.35/turn    N - +6 ring of intelligence
MPRegen 0.17/turn

%: faith
@: no status effects
A: permanent stasis, dig shafts and tunnels, antennae 3, four strong arms
a: Dig, Shaft Self, Renounce Religion, Wall Jump, Serpent's Lash, Heavenly Storm


You were on level 13 of the Dungeon.
You worshipped Wu Jian.
Wu Jian was extremely pleased with you.
You visited 2 branches of the dungeon, and saw 14 of its levels.
You also visited: Bailey.

You collected 820 gold pieces.

Inventory:

Hand Weapons
 c - the +1 scimitar "Nukhywk" {heavy, Str+3 Int-5 SInv}
   (You found it on level 4 of the Dungeon)

   Str:       It affects your strength (+3).
   Int:       It affects your intelligence (-5).
   SInv:      It lets you see invisible.
 k - a +2 dagger of venom
 y - the +6 whip of the Toothy God {freeze, rF++}
   (You found it on level 4 of the Dungeon)

   rF:        It greatly protects you from fire.
 D - a +3 falchion of freezing
 F - a +2 short sword of speed
 J - a +6 dagger (weapon)
 V - the +8 quarterstaff "Quammon" {heavy, rPois rC+ Str-3 SInv}
   (You found it on level 10 of the Dungeon)

   Str:       It affects your strength (-3).
   rC:        It protects you from cold.
   rPois:     It protects you from poison.
   SInv:      It lets you see invisible.
Missiles
 u - 18 poisoned darts (quivered)
 z - 2 throwing nets
 A - 6 curare-tipped darts
 I - 5 boomerangs
Armour
 d - a +0 pair of boots (worn)
 m - a +1 scale mail of fire resistance
 t - the +1 ring mail of Sin (worn) {rN+ Int+3}
   (You found it on level 3 of the Dungeon)

   Int:       It affects your intelligence (+3).
   rN:        It protects you from negative energy.
 K - a +2 leather armour of willpower
 O - the +0 pair of fencer's gloves (worn) {Riposte Dex+3}
   (You found it in a bailey)

   Riposte:   It allows the wearer to riposte with melee weapons, swiftly
   retaliating against missed or blocked melee attacks.
   Dex:       It affects your dexterity (+3).
 P - a +2 plate armour of fire resistance
 Q - a +1 crystal plate armour
 Y - a +0 buckler (worn)
Magical Staves
 Z - a staff of air
Jewellery
 x - the amulet "Gyos" (around neck) {Faith Dex+5 Slay+2}
   (You found it on level 4 of the Dungeon)

   [amulet of faith]

   It allows you to gain divine favour quickly.
   Dex:       It affects your dexterity (+5).
   Slay:      It affects your accuracy & damage with ranged weapons and melee
   (+2).
 B - a ring of resist corrosion
 N - a +6 ring of intelligence (right hand)
 W - a +6 ring of dexterity (left hand)
Wands
 M - a wand of flame (30)
 R - a wand of mindburst (16)
 S - a wand of paralysis (8)
 U - a wand of polymorph (6)
Scrolls
 a - 4 scrolls of enchant armour {unknown}
 b - 3 scrolls of fear {unknown}
 f - 2 scrolls of poison {unknown}
 j - a scroll of magic mapping {unknown}
 p - 2 scrolls of enchant weapon {unknown}
 q - 3 scrolls of fog {unknown}
 r - 2 scrolls of vulnerability {unknown}
 s - 5 scrolls of immolation {unknown}
 v - 5 scrolls of teleportation {unknown}
 w - a scroll of brand weapon {unknown}
 C - 3 scrolls of blinking {unknown}
 E - 2 scrolls of noise {unknown}
 T - 4 scrolls of summoning {unknown}
Potions
 e - 3 potions of might
 g - 4 potions of curing
 h - 2 potions of lignification
 i - 2 potions of attraction
 l - 4 potions of heal wounds
 n - 2 potions of mutation
 o - 4 potions of brilliance
 G - 3 potions of ambrosia
 H - a potion of cancellation {unknown}
 L - a potion of flight {unknown}
 X - a potion of resistance {unknown}


   Skills:
 + Level 4.7 Fighting
 * Level 7.9 Short Blades
 - Level 1.0 Throwing
 + Level 8.3 Armour
 + Level 4.1 Dodging
 + Level 15.6 Stealth
 * Level 3.0 Shields
 - Level 5.0 Spellcasting
 - Level 5.0 Conjurations
 + Level 10.6 Hexes
 - Level 2.0 Ice Magic
 - Level 4.0 Evocations


You had 7 spell levels left.
You knew the following spells:

 Your Spells              Type           Power      Damage    Failure   Level
a - Ensorcelled Hibernat  Hex/Ice        80%        N/A       2%          2
b - Confusing Touch       Hex            59%        N/A       1%          3
c - Dazzling Flash        Conj/Hex       98%        N/A       2%          3
d - Tukima's Dance        Hex            59%        N/A       1%          3
e - Fulminant Prism       Conj/Hex       24%        3d12      8%          4

Your spell library contained the following spells:

 Spells                   Type           Power      Damage    Failure   Level
 Magic Dart               Conj           100%       1d8       2%          1
 Searing Ray              Conj           66%        2d6       3%          2
 Inner Flame              Hex/Fire       35%        N/A       6%          3
 Ozocubu's Armour         Ice            17%        N/A       24%         3
 Poisonous Vapours        Pois/Air       12%        N/A       28%         2
 Flame Wave               Conj/Fire      20%        2d7       54%         4
 Sticky Flame             Conj/Fire      20%        2d4       54%         4
 Manifold Assault         Tloc           6%         N/A       88%         4
 Olgreb's Toxic Radiance  Pois           6%         N/A       88%         4
 Freezing Cloud           Conj/Ice/Air   9%         6-21      90%         5
 Dispersal                Tloc           3%         N/A       100%        6
 Ozocubu's Refrigeration  Ice            8%         4d9       100%        7
 Discord                  Hex            29%        N/A       100%        8
 Disjunction              Tloc           3%         N/A       100%        8
 Ignition                 Fire           3%         3d4       100%        8


Dungeon Overview and Level Annotations

Branches:
Dungeon (13/15)            Temple (1/1) D:6            Lair (0/5) D:8
    Orc (0/2) D:9          Bailey (visited)
 Vaults: D:13-14

Altars:
Ashenzari
Cheibriados
Dithmenos
Elyvilon
Fedhas
Gozag
Hepliaklqana
Kikubaaqudgha
Makhleb
Nemelex Xobeh
Okawaru
Qazlal
Ru
Sif Muna
Trog
Uskayaw
Vehumet
Wu Jian
Xom
Yredelemnul
Zin
The Shining One

Shops:
D:8 (   D:11 [

Annotations:
D:4 4 runed translucent doors
D:12 3 runed translucent doors, jtron's ghost, journeyman DrMo


Innate Abilities, Weirdness & Mutations

You cannot be hasted, slowed, berserked, paralysed or teleported.
You can dig through walls and to a lower floor.
You have a pair of large antennae on your head. (SInv)
Your four strong arms can wield two-handed weapons with a shield.


Message History

The hell hound breathes flames at you.
The blast of flame hits the hell hound.
The hell hound completely resists.
The blast of flame hits the fire elemental.
The fire elemental completely resists.
The blast of flame hits the fire elemental.
The fire elemental completely resists.
The blast of flame hits you. The hell hound closely misses you.
You riposte.
You hit the hell hound.
The hell hound is lightly wounded.
You catch the helpless fire elemental completely off-guard!
You stick the fire elemental like a pincushion!!!
You destroy the fire elemental!
The Council accepts your kill. The hell hound breathes flames at you.
The blast of flame hits you!!
* * * LOW HITPOINT WARNING * * *
Your Shields skill increases to level 3!
You feel much better. You block the hell hound's attack.
You riposte.
You completely miss the hell hound. You block the hell hound's attack.
Your fulminant prism crackles loudly.
You block the fire elemental's attack.
Unknown command.
You spin and attack the hell hound repeatedly.
You puncture the hell hound!
The hell hound is heavily wounded.
You hit the hell hound but do no damage.
The hell hound is heavily wounded.
The hell hound breathes flames at you.
The blast of flame hits the hell hound.
The hell hound completely resists.
The blast of flame hits you!
* * * LOW HITPOINT WARNING * * *
You hear an explosion!
The blast of energy engulfs the hell hound!
The hell hound is moderately wounded.
The blast of energy engulfs the hell hound!
The hell hound is almost dead.
The hell hound barks!
The blast of energy engulfs the hell hound!
The hell hound is heavily wounded.
The blast of energy engulfs you!
You die...

#....# #......<.. #<...#
#......... +....#
#......... #....#
#.........
######################...#
...............#.........
...............'.........
......Eh.......#.........
.....°h.@......######...#
.....hh##+###'##....#....
......*#.......#....'....
.......#.......#....#....
.......#.......##########
.......#.......# #....
.......#.......# #....
#.......# #.... ######+##
#....


You could see a fire elemental and 4 hell hounds.

Vanquished Creatures
  Azrael (D:13)
  3 two-headed ogres
  Sonja (D:10)
  A deep elf pyromancer (D:11)
  An orc knight (Bailey)
  An ugly thing (D:12)
  A cyclops (D:12)
  Joseph (D:7)
  3 manticores
  7 slime creatures
  3 kobold demonologists (D:10)
  2 trolls
  2 shadows
  2 wyverns
  2 wraiths
  24 yaks
  A basilisk (D:12)
  A fire elemental (D:13)
  2 steam dragons
  14 vampire mosquitoes
  An acid dragon (D:6)
  A hell hound (D:13)
  2 water moccasins (D:7)
  13 orc warriors
  2 black bears (D:8)
  An ogre (D:6)
  4 centaurs
  A phantom (D:4)
  3 kobold brigands
  4 bullfrogs
  3 gnoll sergeants
  2 scorpions
  16 wights
  6 killer bees
  An electric eel (D:12)
  4 howler monkeys
  5 hounds
  A jelly (D:4)
  11 orc priests
  A gnoll bouda (D:5)
  10 orc wizards
  2 sleepcaps
  2 iguanas
  13 gnolls
  7 adders
  2 shadow imps
  2 ufetubi (D:4)
  3 worms
  3 dart slugs
  75 orcs
  12 endoplasms
  3 giant cockroaches
  9 goblins
  4 hobgoblins
  4 jackals
  18 kobolds
  3 quokkas
  6 ball pythons
  4 frilled lizards
  5 rats
342 creatures vanquished.

Vanquished Creatures (others)
  9 fulminant prisms
9 creatures vanquished.

Grand Total: 351 creatures vanquished

Notes
Turn   | Place    | Note
-------+----------+-------------------------------------------
     0 | D:1      | monsoonserge the Formicid Enchanter began the quest for the
                  | Orb.
     0 | D:1      | Reached XP level 1. HP: 13/13 MP: 3/3
   123 | D:1      | Reached XP level 2. HP: 19/19 MP: 5/5
   126 | D:1      | Learned a level 2 spell: Ensorcelled Hibernation
   191 | D:1      | Reached skill level 4 in Stealth
   761 | D:2      | Reached XP level 3. HP: 20/24 MP: 6/6
   765 | D:2      | Learned a level 3 spell: Confusing Touch
  1197 | D:2      | Reached XP level 4. HP: 28/30 MP: 4/7
  1366 | D:2      | Reached skill level 1 in Ice Magic
  1438 | D:3      | Reached skill level 1 in Armour
  1525 | D:3      | Identified the +1 ring mail of Sin {rN+ Int+3}
  1799 | D:3      | Reached XP level 5. HP: 7/36 MP: 2/8
  1813 | D:3      | Reached skill level 5 in Stealth
  2134 | D:4      | Reached XP level 6. HP: 42/42 MP: 9/9
  2257 | D:4      | Found a sacrificial altar of Ru.
  2310 | D:4      | Found a large runed translucent door.
  2310 | D:4      | Found a large runed translucent door.
  2325 | D:4      | Noticed a hornet
  2334 | D:4      | Noticed a wyvern
  2337 | D:4      | Reached skill level 1 in Fighting
  2340 | D:4      | Killed a wyvern
  2341 | D:4      | Reached XP level 7. HP: 29/48 MP: 8/11
  2395 | D:4      | Identified the amulet "Gyos" {Faith Dex+5 Slay+2}
  2433 | D:4      | Found a large runed translucent door.
  2433 | D:4      | Found a large runed translucent door.
  2444 | D:4      | Noticed a yak
  2447 | D:4      | Noticed a yak
  2449 | D:4      | Killed a yak
  2449 | D:4      | Noticed a yak
  2450 | D:4      | Reached skill level 6 in Stealth
  2469 | D:4      | Killed a yak
  2470 | D:4      | Reached XP level 8. HP: 33/54 MP: 1/12
  2470 | D:4      | Killed a yak
  2471 | D:4      | Reached skill level 7 in Stealth
  2471 | D:4      | Reached skill level 5 in Hexes
  2570 | D:4      | Reached skill level 5 in Armour
  2673 | D:4      | Identified the +1 scimitar "Nukhywk" {heavy, Str+3 Int-5
                  | SInv}
  3081 | D:4      | Found a broken altar of Ashenzari.
  3087 | D:4      | Identified the +6 whip of the Toothy God {freeze, rF++}
  3143 | D:4      | Reached skill level 8 in Stealth
  3346 | D:5      | Entered Level 5 of the Dungeon
  3386 | D:5      | Reached XP level 9. HP: 31/61 MP: 8/13
  3653 | D:5      | Found a runed translucent door.
  4399 | D:6      | Reached skill level 9 in Stealth
  5040 | D:6      | Found a staircase to the Ecumenical Temple.
  5059 | Temple   | Entered the Ecumenical Temple
  5287 | Temple   | Learned a level 3 spell: Dazzling Flash
  5362 | Temple   | Became a worshipper of the Wu Jian Council
  6122 | D:7      | Reached skill level 10 in Stealth
  6122 | D:7      | Reached skill level 1 in Conjurations
  6163 | D:7      | Noticed Joseph
  6164 | D:7      | Killed Joseph
  6165 | D:7      | Reached XP level 10. HP: 68/68 MP: 15/15
  6286 | D:7      | Reached * piety under Wu Jian
  7239 | D:8      | Reached skill level 11 in Stealth
  7239 | D:8      | Reached ** piety under Wu Jian
  7257 | D:8      | Learned a level 3 spell: Tukima's Dance
  7346 | D:8      | Reached skill level 1 in Evocations
  7347 | D:8      | Found a blossoming altar of Fedhas.
  7520 | D:8      | Found a shimmering altar of Xom.
  7599 | D:8      | Found a staircase to the Lair.
  7605 | D:8      | Noticed an elephant
  7612 | D:8      | You fall into a shaft and drop 1 floor!
  7782 | D:9      | Found a flagged portal.
  7797 | Bailey   | Entered a bailey
  7906 | Bailey   | Reached *** piety under Wu Jian
  7912 | Bailey   | Reached skill level 5 in Short Blades
  8184 | Bailey   | Noticed an orc knight
  8189 | Bailey   | Killed an orc knight
  8223 | Bailey   | Found the +0 pair of fencer's gloves {Riposte Dex+3}
  8392 | D:9      | Reached XP level 11. HP: 75/75 MP: 17/17
  8440 | D:8      | Learned a level 4 spell: Fulminant Prism
  8440 | D:8      | Found Dughom's Weapon Shop.
  8820 | D:8      | Reached skill level 12 in Stealth
  8848 | D:8      | You fall into a shaft and drop 3 floors!
  9013 | D:11     | Noticed a two-headed ogre
  9015 | D:11     | Killed a two-headed ogre
  9075 | D:11     | Noticed a manticore
  9083 | D:11     | Killed a manticore
  9100 | D:10     | Entered Level 10 of the Dungeon
  9257 | D:9      | Reached **** piety under Wu Jian
  9269 | D:9      | Reached skill level 5 in Spellcasting
  9932 | D:9      | Found a staircase to the Orcish Mines.
 10030 | D:9      | Reached skill level 13 in Stealth
 10035 | D:9      | Got the Codex of Conjuring and the Scorpion
 10391 | D:9      | Found a sparkling altar of Nemelex Xobeh.
 10535 | D:10     | Noticed Sonja
 10669 | D:10     | Identified the +8 quarterstaff "Quammon" {heavy, rPois rC+
                  | Str-3 SInv}
 10703 | D:10     | Reached XP level 12. HP: 58/83 MP: 13/19
 11109 | D:10     | Killed Sonja
 11135 | D:10     | Reached skill level 14 in Stealth
 11535 | D:11     | Reached ***** piety under Wu Jian
 11536 | D:11     | Reached skill level 1 in Throwing
 11665 | D:11     | Found Ra's Dragon-Slaying Spoils.
 11885 | D:11     | Noticed a two-headed ogre
 11891 | D:11     | Killed a two-headed ogre
 11892 | D:11     | Reached skill level 5 in Conjurations
 12686 | D:12     | Reached skill level 10 in Hexes
 12949 | D:12     | Noticed a two-headed ogre
 12955 | D:12     | Killed a two-headed ogre
 12956 | D:12     | Reached skill level 15 in Stealth
 13118 | D:12     | Reached XP level 13. HP: 50/90 MP: 10/20
 13168 | D:11     | Reached skill level 1 in Shields
 13317 | D:12     | Found a runed translucent gate.
 13318 | D:12     | Found a runed translucent gate.
 13319 | D:12     | Found a runed translucent gate.
 13321 | D:12     | Noticed jtron's ghost (journeyman DrMo)
 13922 | D:13     | Noticed Azrael
 13928 | D:13     | Killed Azrael
 13932 | D:13     | Killed by an exploding fulminant prism

Illustrated notes

Levels and vault maps discovered:
D:1:      ncdulo_smallfort, layout_basic
D:2:      layout_loops_ring, minmay_pentomino_v2
D:3:      layout_loops_ring
D:4:      layout_rooms, kennysheep_little_box, mainiacjoe_overflow_chevrons,
          minmay_strange_pillars, minmay_hollow_rounded_squares
D:5:      layout_basic, lightli_church_of_beogh
D:6:      layout_basic, minmay_temple_entry_stoned_glass, lightli_minifort
D:7:      layout_basic, minmay_door_square, amethyst_killhole, uniq_joseph
D:8:      layout_basic, grunt_temple_overflow_open, david_lair_generic,
          serial_shops, shop
D:9:      layout_loops_ring, general_overflow_altar, hiddenorc1_lemuel,
          enter_bailey_3
D:10:     layout_cave_pods, uniq_sonja
D:11:     layout_loops_ring, nicolae_shop_dragon_depot
D:12:     layout_cave_pools, biasface_ghost_orc_armoury,
          wad_floor_pattern_untrapped, minivault_4
D:13:     layout_grid_maze, uniq_maurice, uniq_azrael
Temple:   minmay_temple_bridge_d

Skill      XL: |  1  2  3  4  5  6  7  8  9 10 11 12 13 |
---------------+----------------------------------------+-----
Stealth        | 4 5 6 8 10 11 13 15 | 15.6
Hexes          | 4 5 7 8 9 10 | 10.6
Dodging        | 2 3 4 |  4.1
Ice Magic      | 1 2 |  2.0
Armour         | 1 2 3 4 5 7 8 |  8.3
Fighting       | 1 2 3 4 |  4.7
Short Blades   | 2 3 4 5 6 7 |  7.9
Spellcasting   | 3 4 5 |  5.0
Conjurations   | 1 3 4 5 |  5.0
Evocations     | 1 2 4 |  4.0
Throwing       | 1 |  1.0
Shields        | 3 |  3.0

Action                     |  1- 3 |  4- 6 |  7- 9 | 10-12 | 13-15 || total
---------------------------+-------+-------+-------+-------+-------++-------
  Melee: Dagger            |    58 |   107 |   158 |   421 |    11 ||   755
         Punch             |       |     2 |     1 |     5 |       ||     8
  Throw: Dart              |       |       |       |     1 |       ||     1
   Cast: Ensorcelled Hiber |     5 |    10 |    44 |    99 |     5 ||   163
         Confusing Touch   |       |       |     7 |    21 |       ||    28
         Dazzling Flash    |       |       |       |    19 |       ||    19
         Fulminant Prism   |       |       |       |     7 |     2 ||     9
 Invoke: Serpent's Lash    |       |       |       |     1 |       ||     1
Ability: Lunge             |       |       |     6 |    71 |     5 ||    82
         Whirlwind         |       |       |       |    51 |     2 ||    53
         Shaft Self        |       |       |       |     2 |       ||     2
         Dig               |       |       |       |     2 |       ||     2
         Wall Jump         |       |       |       |     2 |       ||     2
  Evoke: Wand              |       |       |       |     1 |       ||     1
    Use: Potion            |       |     1 |     1 |     1 |     1 ||     4
         Scroll            |       |       |       |     9 |     1 ||    10
   Stab: Sleeping          |    12 |    11 |    36 |    81 |     5 ||   145
         Invisible         |       |     3 |     4 |    28 |       ||    35
         Confused          |       |       |     6 |    18 |       ||    24
         Distracted        |       |       |     2 |     3 |     2 ||     7
 Armour: Robe              |     2 |       |       |       |       ||     2
         Scale mail        |     3 |       |       |       |       ||     3
         Leather armour    |     1 |     9 |       |       |       ||    10
         Ring mail         |       |    13 |    39 |   110 |       ||   162
  Dodge: Dodged            |    27 |    52 |    74 |   240 |     4 ||   397
  Block: Buckler           |       |       |       |       |     4 ||     4
Riposte: Dagger            |       |       |       |    47 |     3 ||    50
